EVO
OHIO STATE UNIVERSITY BUCKEYES @ OKLAHOMA STATE UNIVERSITY COWBOYS
07/14/2044
 
TOP OF THE 1ST
Ohio State University Buckeyes batting - Pitching for Oklahoma State University Cowboys : LHP Josh Bologna
Pitching: LHP Josh Bologna
Batting: RHB Adam Turpin 0-0: Called Strike
0-1: Called Strike
0-2: Ball
1-2: Ball
2-2: Ground out 4-3 (Groundball, 4M, EV 88.1 MPH)
Batting: RHB Aukukero Tairi 0-0: Called Strike
0-1: Ball
1-1: Ball
2-1: Foul Ball, location: 2F
2-2: Ball
3-2: Foul Ball, location: 2F
3-2: Ground out 4-3 (Groundball, 4M, EV 84.4 MPH)
Batting: RHB Rick English 0-0: Called Strike
0-1: Ground out U3 (Groundball, 34, EV 102.5 MPH)
Top of the 1st over - 0 runs, 0 hits, 0 errors, 0 left on base; Ohio State University 0 - Oklahoma State University 0
BOTTOM OF THE 1ST
Oklahoma State University Cowboys batting - Pitching for Ohio State University Buckeyes : RHP Mitsuharu Yoshimoto
Pitching: RHP Mitsuharu Yoshimoto
Batting: RHB Josh Hopp 0-0: Bunt for hit to 15S - play at first, batter OUT! 1-3
Batting: SHB Tyler Maddux 0-0: Ball
1-0: Ball
2-0: Called Strike
2-1: Swinging Strike
2-2: Strikes out swinging
Batting: RHB Kinzo Yokoyama 0-0: Swinging Strike
0-1: Fly out, F8 (Line Drive, 8RM, EV 98.1 MPH)
Bottom of the 1st over - 0 runs, 0 hits, 0 errors, 0 left on base; Ohio State University 0 - Oklahoma State University 0
TOP OF THE 2ND
Ohio State University Buckeyes batting - Pitching for Oklahoma State University Cowboys : LHP Josh Bologna
Batting: RHB Nick Holsinger 0-0: Called Strike
0-1: Ball
1-1: SINGLE (Groundball, 6D, EV 101.3 MPH)
Batting: LHB Jason Kinney 0-0: Fielders Choice at 2nd, 4-6 (Groundball, 4, EV 80.0 MPH)
Batting: RHB Phil McFadden 0-0: Ball
1-0: DOUBLE (Line Drive, 89M, EV 93.8 MPH)
Jason Kinney to third
Runner from 3rd tries for Home, SAFE, no throw by RF
Batting: RHB Aaron Bryant 0-0: Foul Ball, location: 2F
0-1: Ball
1-1: Ball
2-1: Foul Ball, location: 2F
2-2: Ground out 6-3 (Groundball, 6, EV 87.5 MPH)
Batting: SHB Jesus Gomez 0-0: Foul Ball, location: 2F
0-1: Ball
1-1: Foul Ball, location: 2F
1-2: Foul Ball, location: 2F
1-2: Fly out, F9 (Line Drive, 9, EV 83.8 MPH)
Top of the 2nd over - 1 run, 2 hits, 0 errors, 1 left on base; Ohio State University 1 - Oklahoma State University 0
BOTTOM OF THE 2ND
Oklahoma State University Cowboys batting - Pitching for Ohio State University Buckeyes : RHP Mitsuharu Yoshimoto
Batting: LHB Ian Cranton 0-0: Foul Ball, location: 2F
0-1: Ball
1-1: Ground out U3 (Groundball, 3, EV 85.0 MPH)
Batting: SHB Chris Wagler 0-0: Foul Ball, location: 2F
0-1: Ball
1-1: SINGLE (Line Drive, 34D, EV 101.9 MPH)
Batting: RHB Josh Patterson 0-0: DOUBLE (Groundball, 3L, EV 105.0 MPH)
Chris Wagler to third
Batting: SHB Greg Shaw 0-0: Called Strike
0-1: Called Strike
0-2: Ground out 4-3 (Groundball, 4M, EV 91.3 MPH)
Chris Wagler scores
Josh Patterson to third
Batting: RHB Ed Santibanez 0-0: Swinging Strike
0-1: Ground out 6-3 (Groundball, 6M, EV 86.3 MPH)
Bottom of the 2nd over - 1 run, 2 hits, 0 errors, 1 left on base; Ohio State University 1 - Oklahoma State University 1
TOP OF THE 3RD
Ohio State University Buckeyes batting - Pitching for Oklahoma State University Cowboys : LHP Josh Bologna
Batting: RHB Kai Johnson 0-0: Ball
1-0: Ball
2-0: Called Strike
2-1: Ball
3-1: Ground out 4-3 (Groundball, 4, EV 88.1 MPH)
Batting: RHB Adam Turpin 0-0: Ball
1-0: Ball
2-0: Ground out 6-3 (Groundball, 6, EV 78.1 MPH)
Batting: RHB Aukukero Tairi 0-0: Ball
1-0: Ball
2-0: SINGLE (Groundball, 6M, EV 99.4 MPH)
Batting: RHB Rick English 0-0: Called Strike
0-1: Ball
1-1: Ball
2-1: Foul Ball, location: 2F
2-2: Ball
3-2: Base on Balls
Aukukero Tairi to second
Batting: RHB Nick Holsinger 0-0: Swinging Strike
0-1: Ball
1-1: Foul Ball, location: 2F
1-2: Ball
2-2: Ground out 3-1 (Groundball, 34, EV 91.9 MPH)
Top of the 3rd over - 0 runs, 1 hit, 0 errors, 2 left on base; Ohio State University 1 - Oklahoma State University 1
BOTTOM OF THE 3RD
Oklahoma State University Cowboys batting - Pitching for Ohio State University Buckeyes : RHP Mitsuharu Yoshimoto
Batting: LHB Orlando Rivera 0-0: Bunt for hit to 2R - play at first, batter safe!
Batting: RHB Josh Hopp 0-0: Called Strike
0-1: Ball
1-1: Swinging Strike
1-2: Ball
2-2: Foul Ball, location: 2F
2-2: Ball
3-2: Fly out, F7 (Flyball, 7LD, EV 101.3 MPH)
Runner from 1st tags up, SAFE at 2nd
Batting: SHB Tyler Maddux 0-0: Ball
1-0: SINGLE (Line Drive, 8LS, EV 101.3 MPH)
Orlando Rivera to third
Runner from 3rd tries for Home, SAFE, throw by CF to home
Batting: RHB Kinzo Yokoyama 0-0: Ball
1-0: Ball
2-0: SINGLE (Groundball, 4MD, EV 101.3 MPH)
Tyler Maddux to second
Batting: LHB Ian Cranton 0-0: Fly out, F8 (Flyball, 8LS, EV 91.3 MPH)
Batting: SHB Chris Wagler 0-0: TRIPLE (Line Drive, 78XD, EV 100.6 MPH)
Tyler Maddux scores
Kinzo Yokoyama scores
Batting: RHB Josh Patterson 0-0: Fly out, F3 (Popup, 34, EV 75.6 MPH)
Bottom of the 3rd over - 3 runs, 4 hits, 0 errors, 1 left on base; Ohio State University 1 - Oklahoma State University 4
TOP OF THE 4TH
Ohio State University Buckeyes batting - Pitching for Oklahoma State University Cowboys : LHP Josh Bologna
Batting: LHB Jason Kinney 0-0: Foul Ball, location: 2F
0-1: Fly out, F5 (Popup, 25F, EV 90.6 MPH)
Batting: RHB Phil McFadden 0-0: Ball
1-0: SINGLE (Line Drive, 7LS, EV 106.3 MPH)
Batting: RHB Aaron Bryant 0-0: Foul Ball, location: 2F
0-1: Foul Ball, location: 2F
0-2: Ball
1-2: Foul Ball, location: 2F
1-2: Fielders Choice at 2nd, 5-4 (Groundball, 56S, EV 84.4 MPH)
Batting: SHB Jesus Gomez 0-0: Called Strike
0-1: Called Strike
0-2: Strikes out looking
Top of the 4th over - 0 runs, 1 hit, 0 errors, 1 left on base; Ohio State University 1 - Oklahoma State University 4
BOTTOM OF THE 4TH
Oklahoma State University Cowboys batting - Pitching for Ohio State University Buckeyes : RHP Mitsuharu Yoshimoto
Batting: SHB Greg Shaw 0-0: Ball
1-0: Foul Ball, location: 2F
1-1: Ball
2-1: Called Strike
2-2: Fly out, F8 (Flyball, 8LD, EV 88.1 MPH)
Batting: RHB Ed Santibanez 0-0: Ball
1-0: SINGLE (Groundball, 56S, EV 63.8 MPH) (infield hit)
Batting: LHB Orlando Rivera 0-0: Hit by Pitch
Ed Santibanez to second
Batting: RHB Josh Hopp 0-0: Hit by Pitch
Ed Santibanez to third
Orlando Rivera to second
Batting: SHB Tyler Maddux 0-0: Ball
1-0: Called Strike
1-1: Swinging Strike
1-2: Foul Ball, location: 2F
1-2: Ball
2-2: Strikes out swinging
Batting: RHB Kinzo Yokoyama 0-0: Foul Ball, location: 2F
0-1: Ball
1-1: Ball
2-1: Ground out 4-3 (Groundball, 34D, EV 84.4 MPH)
Bottom of the 4th over - 0 runs, 1 hit, 0 errors, 3 left on base; Ohio State University 1 - Oklahoma State University 4
TOP OF THE 5TH
Ohio State University Buckeyes batting - Pitching for Oklahoma State University Cowboys : LHP Josh Bologna
Pitching: RHP Omar Perez
Batting: RHB Kai Johnson 0-0: Called Strike
0-1: Swinging Strike
0-2: Ball
1-2: Foul Ball, location: 2F
1-2: Ball
2-2: Ground out 1-3 (Groundball, 34S, EV 63.8 MPH)
Batting: RHB Adam Turpin 0-0: Called Strike
0-1: SINGLE (Groundball, 6MD, EV 99.4 MPH)
Batting: RHB Aukukero Tairi 0-0: Ball
1-0: SINGLE (Flyball, 8LS, EV 91.9 MPH)
Adam Turpin to second
Batting: RHB Rick English 0-0: Ball
1-0: Ball
2-0: Called Strike
2-1: Ball
3-1: Base on Balls
Adam Turpin to third
Aukukero Tairi to second
Batting: RHB Nick Holsinger 0-0: Called Strike
0-1: Grounds into double play, 6-4-3 (Groundball, 6, EV 90.0 MPH)
Top of the 5th over - 0 runs, 2 hits, 0 errors, 2 left on base; Ohio State University 1 - Oklahoma State University 4
BOTTOM OF THE 5TH
Oklahoma State University Cowboys batting - Pitching for Ohio State University Buckeyes : RHP Mitsuharu Yoshimoto
Pitching: RHP Victor Padilla
Batting: LHB Ian Cranton 0-0: Ball
1-0: SINGLE (Flyball, 8RS, EV 92.5 MPH)
Batting: SHB Chris Wagler 0-0: Called Strike
0-1: Ball
1-1: Ball
2-1: Called Strike
2-2: Ball
3-2: Foul Ball, location: 2F
3-2: Base on Balls
Ian Cranton to second
Batting: RHB Josh Patterson 0-0: Foul Ball, location: 2F
0-1: Grounds into double play, 5-4-3 (Groundball, 56, EV 87.5 MPH)
Ian Cranton to third
Batting: SHB Greg Shaw 0-0: Swinging Strike
0-1: Ball
1-1: Ball
2-1: Called Strike
2-2: Strikes out looking
Bottom of the 5th over - 0 runs, 1 hit, 0 errors, 1 left on base; Ohio State University 1 - Oklahoma State University 4
TOP OF THE 6TH
Ohio State University Buckeyes batting - Pitching for Oklahoma State University Cowboys : RHP Omar Perez
Batting: LHB Jason Kinney 0-0: Called Strike
0-1: Called Strike
0-2: Strikes out swinging
Batting: RHB Phil McFadden 0-0: Ground out 1-3 (Groundball, 13S, EV 68.1 MPH)
Batting: RHB Aaron Bryant 0-0: Ball
1-0: Foul Ball, location: 2F
1-1: Ball
2-1: Foul Ball, location: 2F
2-2: Foul Ball, location: 2F
2-2: Strikes out swinging
Top of the 6th over - 0 runs, 0 hits, 0 errors, 0 left on base; Ohio State University 1 - Oklahoma State University 4
BOTTOM OF THE 6TH
Oklahoma State University Cowboys batting - Pitching for Ohio State University Buckeyes : RHP Victor Padilla
Batting: RHB Ed Santibanez 0-0: SINGLE (Line Drive, 7LS, EV 106.3 MPH)
Batting: LHB Orlando Rivera 0-0: Ball
1-0: Ball
2-0: Sac Bunt to 15 - play at second, runner OUT! 1-6
Batting: RHB Josh Hopp 0-0: Ball
1-0: Foul Ball, location: 2F
1-1: Called Strike
1-2: Ball
2-2: Ball
3-2: Fly out, F2 (Popup, 25F, EV 84.4 MPH)
Batting: SHB Tyler Maddux
Pinch Hitting: RHB Wiliama Dana 0-0: Ball
1-0: Foul Ball, location: 2F
1-1: SINGLE (Line Drive, 9S, EV 100.0 MPH)
Orlando Rivera to second
Runner from 2nd tries for 3rd, SAFE, throw by RF made to third
Pinch Hitting: RHB Francisco Cabrera 0-0: DOUBLE (Line Drive, 89M, EV 98.1 MPH)
Orlando Rivera scores
Wiliama Dana to third
Runner from 3rd tries for Home, SAFE, throw by RF to trailing runner, SAFE at third!
Batting: LHB John Fortin 0-0: Ball
1-0: Swinging Strike
1-1: Foul Ball, location: 2F
1-2: Ball
2-2: Strikes out swinging
Bottom of the 6th over - 2 runs, 3 hits, 0 errors, 1 left on base; Ohio State University 1 - Oklahoma State University 6
TOP OF THE 7TH
Ohio State University Buckeyes batting - Pitching for Oklahoma State University Cowboys : RHP Omar Perez
Now at 1B: Robbie Gomez
Now at 2B: Larry Clark
Batting: SHB Jesus Gomez 0-0: Ball
1-0: Called Strike
1-1: Called Strike
1-2: Ball
2-2: Strikes out looking
Batting: RHB Kai Johnson 0-0: Swinging Strike
0-1: Ball
1-1: Ball
2-1: Ball
3-1: Base on Balls
Pinch Hitting: LHB Efrem Isaev 0-0: Ball
1-0: SINGLE (Groundball, 34D, EV 95.6 MPH)
Kai Johnson to second
Runner from 2nd tries for 3rd, SAFE, no throw by RF
Pitching: LHP Adam Clarke
Pinch Hitting: RHB Xavier Castaneda 0-0: Ball
1-0: Ball
2-0: Ground out 6-3 (Groundball, P, EV 87.5 MPH)
Kai Johnson scores
Efrem Isaev to second
Batting: RHB Joey Black 0-0: Called Strike
0-1: Foul Ball, location: 2F
0-2: Ball
1-2: Ball
2-2: Foul Ball, location: 2F
2-2: Ball
3-2: Fly out, F7 (Flyball, 7, EV 88.1 MPH)
Top of the 7th over - 1 run, 1 hit, 0 errors, 1 left on base; Ohio State University 2 - Oklahoma State University 6
BOTTOM OF THE 7TH
Oklahoma State University Cowboys batting - Pitching for Ohio State University Buckeyes : RHP Victor Padilla
Pitching: RHP Sam Lewis
Now in LF: Efrem Isaev
Now in CF: Xavier Castaneda
Batting: SHB Chris Wagler 0-0: Called Strike
0-1: Ball
1-1: Ball
2-1: Swinging Strike
2-2: Strikes out swinging
Pinch Hitting: SHB Suzunosuke Yamaguchi 0-0: Reached on error, E3 (Groundball, 3L, EV 90.0 MPH)
Batting: SHB Greg Shaw 0-0: Called Strike
0-1: Ground out 4-3 (Groundball, 34D, EV 96.9 MPH)
Suzunosuke Yamaguchi to second
Batting: RHB Ed Santibanez 0-0: Ball
1-0: Called Strike
1-1: Called Strike
1-2: Ball
2-2: Ball
3-2: Base on Balls
Pinch Hitting: RHB Mario Arriero 0-0: Foul Ball, location: 2F
0-1: Ball
1-1: Called Strike
1-2: SINGLE (Groundball, 56D, EV 104.4 MPH)
Suzunosuke Yamaguchi to third
Ed Santibanez to second
Pinch Hitting: RHB Tony Cabrera 0-0: SINGLE (Groundball, 6MS, EV 65.6 MPH) (infield hit)
Suzunosuke Yamaguchi scores
Ed Santibanez to third
Mario Arriero to second
Batting: RHB Robbie Gomez 0-0: Ball
1-0: Foul Ball, location: 2F
1-1: Ball
2-1: Fielders Choice at 2nd, 6-4 (Groundball, 6, EV 87.5 MPH)
Bottom of the 7th over - 1 run, 2 hits, 1 error, 3 left on base; Ohio State University 2 - Oklahoma State University 7
TOP OF THE 8TH
Ohio State University Buckeyes batting - Pitching for Oklahoma State University Cowboys : LHP Adam Clarke
Now at SS: Suzunosuke Yamaguchi
Now in CF: Mario Arriero
Now in RF: Bill Byford
Pinch Hitting: SHB David Garnica 0-0: Ball
1-0: Ball
2-0: Ball
3-0: Called Strike
3-1: Base on Balls
Pinch Hitting: RHB Dan Muse 0-0: Called Strike
0-1: Ball
1-1: Ball
2-1: Ball
3-1: Foul Ball, location: 2F
3-2: Strikes out swinging
Batting: RHB Phil McFadden 0-0: Called Strike
0-1: Swinging Strike
0-2: Ball
1-2: Ball
2-2: Strikes out looking
Batting: RHB Aaron Bryant 0-0: SINGLE (Flyball, 5D, EV 89.4 MPH)
David Garnica to second
Pinch Hitting: RHB Aaron Battista 0-0: Ball
1-0: Ball
2-0: Ball
3-0: Base on Balls
David Garnica to third
Aaron Bryant to second
Pinch Hitting: RHB Rafael Reyes 0-0: Ball
1-0: Foul Ball, location: 2F
1-1: Foul Ball, location: 2F
1-2: Ball
2-2: Strikes out swinging
Top of the 8th over - 0 runs, 1 hit, 0 errors, 3 left on base; Ohio State University 2 - Oklahoma State University 7
BOTTOM OF THE 8TH
Oklahoma State University Cowboys batting - Pitching for Ohio State University Buckeyes : RHP Sam Lewis
Now at 1B: David Garnica
Now at 2B: Rafael Reyes
Now at 3B: Dan Muse
Now at SS: Aaron Battista
Batting: RHB Larry Clark 0-0: Called Strike
0-1: Ground out 6-3 (Groundball, 56, EV 89.4 MPH)
Batting: LHB John Fortin 0-0: Swinging Strike
0-1: Hit by Pitch
Batting: SHB Chris Wagler 0-0: Ball
1-0: Swinging Strike
1-1: Ball
2-1: Ball
3-1: Foul Ball, location: 2F
3-2: Base on Balls
John Fortin to second
Batting: SHB Suzunosuke Yamaguchi 0-0: Called Strike
0-1: Swinging Strike
0-2: SINGLE (Line Drive, 9LM, EV 106.3 MPH)
John Fortin to third
Chris Wagler to second
Pitching: LHP Daniel Solano
Batting: SHB Greg Shaw 0-0: Ball
1-0: Ball
2-0: Called Strike
2-1: Swinging Strike
2-2: Foul Ball, location: 2F
2-2: Ball
3-2: Strikes out swinging
Batting: RHB Ed Santibanez 0-0: SINGLE (Groundball, 56D, EV 95.6 MPH)
John Fortin scores
Chris Wagler to third
Suzunosuke Yamaguchi to second
Runner from 3rd tries for Home, SAFE, throw by LF to home
Batting: RHB Mario Arriero 0-0: Called Strike
0-1: Fly out, F8 (Line Drive, 8RM, EV 93.1 MPH)
Bottom of the 8th over - 2 runs, 2 hits, 0 errors, 2 left on base; Ohio State University 2 - Oklahoma State University 9
TOP OF THE 9TH
Ohio State University Buckeyes batting - Pitching for Oklahoma State University Cowboys : LHP Adam Clarke
Batting: LHB Efrem Isaev 0-0: Swinging Strike
0-1: Ball
1-1: Ball
2-1: Ground out 4-3 (Groundball, 4S, EV 85.0 MPH)
Batting: RHB Xavier Castaneda 0-0: Ball
1-0: Fly out, F8 (Flyball, 78M, EV 95.0 MPH)
Batting: RHB Joey Black 0-0: Ball
1-0: Reached on error, E7 (Flyball, 7LS, EV 96.9 MPH)
Batting: SHB David Garnica 0-0: Swinging Strike
0-1: Ball
1-1: Called Strike
1-2: Ball
2-2: Foul Ball, location: 2F
2-2: Strikes out swinging
Top of the 9th over - 0 runs, 0 hits, 1 error, 1 left on base; Ohio State University 2 - Oklahoma State University 9
Thursday, March 31st , 2022 - OOTP Baseball 22.12 Build 89